 Dungeon Crawl Stone Soup version 0.16-a0-3552-ge2e736f (webtiles) character file.

112 Stone the Cudgeler (level 4, -7/35 HPs)
             Began as a Mummy Fighter on Jan 9, 2015.
             Mangled by imantor's ghost (11 damage)
             ... on level 3 of the Dungeon.
             The game lasted 00:06:00 (1419 turns).

Stone the Cudgeler (Mummy Fighter)                  Turns: 1419, Time: 00:06:00

Health: -7/35      AC: 10    Str: 20    XL:     4   Next: 63%
Magic:  4/4        EV:  7    Int:  7    God:
Gold:   78         SH:  8    Dex: 11    Spells: 0 memorised, 3 levels left

rFire  x . .     SeeInvis .     o - +2 whip (elec)
rCold  + . .     Clarity  .     b - +0 scale mail
rNeg   + + +     SustAb   .     c - +0 shield
rPois  ∞         Gourm    .     h - +0 helmet
rElec  .         Spirit   .     g - +0 cloak
rCorr  .         Warding  .     (no gloves)
rMut   .         Stasis   .     i - +1 pair of boots
MR     .....                    (no amulet)
Stlth  ..........               (no ring)
                                (no ring)

@: not resistant to hostile enchantments, extremely unstealthy
A: no food or potions, fire vulnerability, restore body, cold resistance 1,
negative energy resistance 3, poison resistance, torment resistance, unbreathing
a: no special abilities


You were on level 3 of the Dungeon.
You were not hungry.

You visited 1 branch of the dungeon, and saw 3 of its levels.

You collected 78 gold pieces.

Inventory:

Hand weapons
 a - a +0 flail
 o - a +2 whip of electrocution (weapon)
Missiles
 e - 64 stones (quivered)
Armour
 b - a +0 scale mail (worn)
 c - a +0 shield (worn)
 g - a +0 cloak (worn)
 h - a +0 helmet (worn)
 i - a +1 pair of boots (worn)
Jewellery
 j - a -3 ring of dexterity
Scrolls
 d - a scroll of remove curse
 l - a scroll of recharging


   Skills:
 - Level 3.0 Fighting
 + Level 4.0 Maces & Flails
 - Level 2.4 Armour
 - Level 2.4 Shields


You had 3 spell levels left.
You didn't know any spells.

Dungeon Overview and Level Annotations

Branches:
Dungeon (3/15)

Altars:
The Shining One

Annotations:
D:3 imantor's ghost, average GrBe


Innate Abilities, Weirdness & Mutations

You do not eat or drink.
Your flesh is vulnerable to fire.
Your flesh is cold resistant.
You are immune to negative energy.
Your system is resistant to poisons.
You are immune to unholy pain and torment.
You can survive without breathing.


Message History

You block imantor's ghost's attack.
You hit imantor's ghost.
Imantor's ghost is heavily damaged.
You block imantor's ghost's attack.
You hit imantor's ghost.
Imantor's ghost is heavily damaged.
Imantor's ghost hits you but does no damage.
You hit imantor's ghost but do no damage.
Imantor's ghost is heavily damaged.
Imantor's ghost grins evilly.
Imantor's ghost hits you!
* * * LOW HITPOINT WARNING * * *
You hit imantor's ghost but do no damage.
Imantor's ghost is heavily damaged.
Imantor's ghost hits you.
* * * LOW HITPOINT WARNING * * *
You hit imantor's ghost but do no damage.
Imantor's ghost is heavily damaged.
Imantor's ghost hits you!
You die...

.# >. ..##.
......s#############
......glW@...........
......#w####..######
... ...#####.# .
..........†###
......######...########
.....................#
...########..#......#
.# ##........#
###......#


You could see a worm, imantor's ghost, a giant cockroach, a hobgoblin and a
giant newt.

Vanquished Creatures
  Robin (D:2)
  3 adders
  2 oozes (D:2)
  6 bats
  5 giant cockroaches
  18 goblins
  10 hobgoblins
  6 jackals (D:2)
  2 ball pythons (D:2)
  2 giant newts (D:3)
  5 kobolds
  A quokka (D:3)
  6 rats
67 creatures vanquished.

Notes
Turn   | Place    | Note
--------------------------------------------------------------
     0 | D:1      | Stone, the Mummy Fighter, began the quest for the Orb.
     0 | D:1      | Reached XP level 1. HP: 18/18 MP: 1/1
   194 | D:1      | Found a glowing golden altar of the Shining One.
   258 | D:1      | Reached XP level 2. HP: 24/24 MP: 2/2
   503 | D:1      | Reached XP level 3. HP: 29/29 MP: 3/3
   908 | D:2      | Noticed Robin
   930 | D:2      | Killed Robin
   950 | D:2      | Reached XP level 4. HP: 31/35 MP: 4/4
  1192 | D:2      | Reached skill level 4 in Maces & Flails
  1381 | D:3      | Noticed imantor's ghost (average GrBe)
  1419 | D:3      | Mangled by imantor's ghost

Action                   |  1- 3 |  4- 6 || total
-------------------------+-------+-------++-------
Melee: Flail             |    79 |       ||    79
       Whip              |    57 |    86 ||   143
Throw: Stone             |     7 |       ||     7
  Use: Scroll            |     6 |     2 ||     8
